 Dungeon Crawl Stone Soup version 0.29-a0-1043-g569b05d6ff (webtiles) character file.

Game seed: 14584004526581543356

160 wingedge the Conjurer (level 5, -4/61 HPs)
             Began as a Human Conjurer on Aug 15, 2022.
             Killed from afar by an orc wizard (7 damage)
             ... with a magic dart
             ... on level 4 of the Dungeon.
             The game lasted 00:07:59 (2125 turns).

wingedge the Conjurer (Human Conjurer)              Turns: 2125, Time: 00:07:59

Health: -4/61      AC:  2    Str:  7    XL:     5   Next: 69%
Magic:  8/9        EV: 12    Int: 20    God:
Gold:   113        SH:  0    Dex: 12    Spells: 3/10 levels left

rFire   . . .      SeeInvis .   g - +0 trident
rCold   . . .      Faith    .   (no shield)
rNeg    . . .      Spirit   .   a - +0 robe
rPois   .          Reflect  .   (no helmet)
rElec   .          Harm     .   (no cloak)
rCorr   .          Rampage  .   (no gloves)
Will    .....                   (no boots)
Stlth   ..........              (no amulet)
HPRegen 0.20/turn               (no ring)
MPRegen 0.11/turn               (no ring)

@: berserking, very quick
A: no striking features
a: no special abilities


You were on level 4 of the Dungeon.
You visited 1 branch of the dungeon, and saw 3 of its levels.

You collected 113 gold pieces.

Inventory:

Hand Weapons
 f - a +0 mace
 g - a +0 trident (weapon)
Missiles
 h - 5 poisoned darts
 l - 6 stones
Armour
 a - a +0 robe (worn)
Wands
 n - a wand of roots (7)
 p - a wand of charming (7)
Scrolls
 c - a scroll of poison
 e - a scroll of fear {unknown}
 i - 2 scrolls of identify {unknown}
 k - 2 scrolls of vulnerability {unknown}
 m - a scroll of acquirement {unknown}
 o - a scroll of magic mapping {unknown}
Potions
 b - a potion of magic
 j - a potion of brilliance {unknown}


   Skills:
 - Level 3.0 Fighting
 + Level 2.1 Dodging
 - Level 2.0 Stealth
 - Level 3.0 Spellcasting
 - Level 5.0 Conjurations


You had 3 spell levels left.
You knew the following spells:

 Your Spells              Type           Power      Damage    Failure   Level
a - Magic Dart            Conj           92%        1d7       1%          1
b - Searing Ray           Conj           46%        2d6       2%          2
c - Fulminant Prism       Conj/Hex       6%         3d7       45%         4

Your spell library contained the following spells:

 Spells                   Type           Power      Damage    Failure   Level
 Dazzling Flash           Conj/Hex       26%        N/A       16%         3
 Blink                    Tloc           6%         N/A       22%         2
 Lesser Beckoning         Tloc           3%         N/A       38%         3
 Iskenderun's Mystic Bla  Conj/Tloc      13%        2d5       45%         4
 Manifold Assault         Tloc           3%         N/A       98%         5


Dungeon Overview and Level Annotations

Branches:
Dungeon (4/15)
 Temple: D:4-7

Altars:
Wu Jian


Message History

You bump into the rock wall.
Something barely misses you. Something hits you.
You miss something. Something hits you.
You hear some strange, mumbled words.
Something tries to affect you, but you resist.
Something hits you. x2
* * * LOW HITPOINT WARNING * * *
You're too confused to move!
You feel less confused. Something hits you.
* * * LOW HITPOINT WARNING * * *
Something hits you but does no damage.
Okay, then.
Okay, then.
Casting: Magic Dart (safe; 1% risk of failure)
Confirm with . or Enter, or press ? or * to list all spells.
Okay, then.
The air fills with toxic fumes!
As you read the scroll labelled LEUX NU MYOMUO, it crumbles to dust.
It was a scroll of poison.
Something hits you.
* * * LOW HITPOINT WARNING * * *
Something hits you.
* * * LOW HITPOINT WARNING * * *
Okay, then.
It was a potion of berserk rage.
A red film seems to cover your vision as you go berserk!
You feel yourself moving faster!
You feel mighty! Something hits you.
* * * LOW HITPOINT WARNING * * *
Something barely misses you.
You closely miss something.
You hear some strange, mumbled words.
Something tries to affect you, but you resist.
Something hits you.
* * * LOW HITPOINT WARNING * * *
You closely miss something. You puncture something! Something hits you.
* * * LOW HITPOINT WARNING * * *
You hear some strange, mumbled words.
A magic dart appears from out of thin air!
The magic dart hits you!
You die...

.......##...P....
...(....###.§§P§§§ P
.###...## #.§§P§§. .P .
#..§ ## .§§P§PPP§P..
#..§§#§§ #§§§§§§§§..
#oo..§§.##§PPPPPPP..
..))o§#§§§§§§§§..
#{{§§§###.## ##@§§## #. #
#§§##.... .. #.
##§§§§..##.. #..
#.###§§#######.# ##.#
#....§## ##.###..#
###...§§### ###...##..#
......§§..###......#..###
....####........##.....#.
##.. #........##.......


You could see an orc.

Vanquished Creatures
  An ogre (D:4)
  3 gnolls (D:2)
  2 dart slugs
  3 orcs (D:4)
  4 bats
  An endoplasm (D:1)
  3 giant cockroaches
  4 goblins
  3 hobgoblins
  4 kobolds
  2 quokkas
  4 ball pythons
  A frilled lizard (D:1)
  3 rats
38 creatures vanquished.

Notes
Turn   | Place    | Note
-------+----------+-------------------------------------------
     0 | D:1      | wingedge the Human Conjurer began the quest for the Orb.
     0 | D:1      | Reached XP level 1. HP: 13/13 MP: 3/3
    86 | D:1      | Reached skill level 1 in Fighting
   201 | D:1      | Reached XP level 2. HP: 21/21 MP: 3/5
   226 | D:1      | Learned a level 2 spell: Searing Ray
   749 | D:2      | Reached XP level 3. HP: 26/26 MP: 4/7
  1086 | D:2      | Reached XP level 4. HP: 9/32 MP: 0/8
  1618 | D:2      | You fall into a shaft and drop 2 floors!
  1659 | D:4      | Found an ornate altar of the Wu Jian Council.
  1789 | D:4      | Noticed an ogre
  1797 | D:4      | Killed an ogre
  1798 | D:4      | Reached skill level 5 in Conjurations
  1798 | D:4      | Reached XP level 5. HP: 40/40 MP: 9/9
  1805 | D:4      | Learned a level 4 spell: Fulminant Prism
  2125 | D:4      | HP: 3/61 [something (3)]
  2125 | D:4      | Killed from afar by an orc wizard

Illustrated notes

Levels and vault maps discovered:
D:1:      dpeg_arrival_lava_temple_mockup, layout_rooms
D:2:      layout_loops_corners, ebering_ecumenical_altar_petrified
D:4:      layout_layer_cave, mainiacjoe_overflow_cross_hatched

Skill      XL: |  1  2  3  4  5 |
---------------+----------------+-----
Fighting       | 1 2 3 |  3.0
Spellcasting   | 3 |  3.0
Conjurations   | 5 |  5.0
Dodging        | |  2.1
Stealth        | |  2.0

Action                   |  1- 3 |  4- 6 || total
-------------------------+-------+-------++-------
Melee: Trident           |     5 |    10 ||    15
Throw: Dart              |       |     4 ||     4
       Stone             |       |     1 ||     1
 Cast: Magic Dart        |    41 |    20 ||    61
       Searing Ray       |     3 |     1 ||     4
Evoke: Wand              |       |     1 ||     1
  Use: Scroll            |       |     1 ||     1
       Potion            |       |     1 ||     1
 Stab: Sleeping          |     1 |       ||     1
Armor: Robe              |       |     4 ||     4
Dodge: Dodged            |     4 |     5 ||     9

Table legend: (Time is in decaauts)
 A = Elapsed time spent in this place.
 B = Non-inter-level travel time spent in this place.
 C = Inter-level travel time spent in this place.
 D = Time resting spent in this place.
 E = Time spent auto-exploring this place.
 F = Levels seen in this place.
 G = Mean time per level.
                   A        B        C        D        E       F      G
               +--------+--------+--------+--------+--------+-----+--------+
         Total |   2127 |   2069 |     58 |    600 |    994 |   3 |  709.0 |
       Dungeon |   2127 |   2069 |     58 |    600 |    994 |   3 |  709.0 |
               +--------+--------+--------+--------+--------+-----+--------+

Top non-repeatable levels by time:
     D:2: 873 daAuts
     D:1: 745 daAuts
     D:4: 508 daAuts
